 Dungeon Crawl Stone Soup version 0.20-a0-1034-gb277f92 (webtiles) character file.

158 Duffy the Chopper (level 5, 0/49 HPs)
             Began as a Deep Dwarf Berserker on Apr 21, 2017.
             Was a Believer of Trog.
             Slain by a scorpion (4 damage)
             ... on level 4 of the Dungeon.
             The game lasted 00:03:25 (2105 turns).

Duffy the Chopper (Deep Dwarf Berserker)            Turns: 2105, Time: 00:03:26

Health: 0/49       AC:  9    Str: 21    XL:     5   Next: 16%
Magic:  5/5        EV:  9    Int:  8    God:    Trog [**....]
Gold:   147        SH:  0    Dex: 12    Spells: 4/4 levels left

rFire    . . .     SeeInvis .   a - +1 hand axe
rCold    . . .     Gourm    .   (no shield)
rNeg     . . .     Faith    .   e - +0 chain mail
rPois    .         Spirit   .   (no helmet)
rElec    .         Reflect  .   (no cloak)
rCorr    .         Harm     .   (no gloves)
MR       .....                  (no boots)
Stlth    ..........             (no amulet)
Regen    0.0/turn               (no ring)
MPRegen  0.1/turn               (no ring)

@: non-regenerating
A: damage resistance, heal wounds, sense surroundings 1, no regeneration
a: Heal Wounds, Berserk, Trog's Hand, Burn Spellbooks, Renounce Religion


You were on level 4 of the Dungeon.
You worshipped Trog.
Trog was pleased with you.
You were not hungry.

You visited 1 branch of the dungeon, and saw 4 of its levels.

You collected 147 gold pieces.

Inventory:

Hand Weapons
 a - a +1 hand axe (weapon)
Armour
 e - a +0 chain mail (worn)
Scrolls
 h - a scroll of teleportation
 i - 2 scrolls of enchant weapon
 l - a scroll of random uselessness {unknown}
 m - a scroll of identify {unknown}
 o - 2 scrolls of recharging
 p - a scroll of remove curse
 q - 2 scrolls of fog {unknown}
 r - a scroll of blinking {unknown}
Potions
 b - a potion of magic {unknown}
 d - 2 potions of curing {unknown}
 g - a potion of cancellation {unknown}
 n - a potion of lignification {unknown}
 s - a potion of brilliance {unknown}
Comestibles
 c - 4 bread rations
 f - 2 royal jellies
 j - 5 chunks of flesh
 k - 4 fruits


   Skills:
 - Level 3.4 Fighting
 + Level 4.7 Axes
 - Level 3.1 Armour
 - Level 3.3 Dodging


You had 4 spell levels left.
You didn't know any spells.

Dungeon Overview and Level Annotations

Branches:
Dungeon (4/15)
 Temple: D:4-7

Altars:
Trog


Innate Abilities, Weirdness & Mutations

You are resistant to damage.
You can heal yourself by infusing magical energy.
You passively map a small area around you.
You do not regenerate.


Message History

The big kobold hits you but does no damage.
The scorpion stings you but does no damage.
You closely miss the big kobold.
The big kobold is heavily wounded.
You hit the scorpion. The big kobold barely misses you.
The scorpion stings you.
You closely miss the big kobold.
The big kobold is heavily wounded.
You hit the scorpion. The big kobold completely misses you.
The scorpion stings you but does no damage.
You barely miss the big kobold.
The big kobold is heavily wounded.
You hit the scorpion.
The big kobold hits you but does no damage.
The scorpion closely misses you.
You hit the big kobold but do no damage.
The big kobold is heavily wounded.
You hit the scorpion. The big kobold barely misses you.
The scorpion stings you.
You die...

, .$..........$.#
............[...#
,
..>.............#
................#
*
......?.........#
................#
*
...............##
,
#....s..<......#*
*#....K@(........
*
#...........>.##.
*
*....##....[...#
, ... *###......#
, , . * *
.......# , *
,....#...# ,,
...###...# , , ,,
.### * ..# ,


You could see a big kobold and a scorpion.

Vanquished Creatures
  A howler monkey (D:3)
  2 adders (D:3)
  2 oozes
  5 worms
  A dart slug (D:1)
  A leopard gecko (D:2)
  5 orcs (D:3)
  4 giant cockroaches
  8 goblins
  5 hobgoblins
  6 jackals (D:3)
  8 kobolds
  2 quokkas (D:3)
  A ball python (D:3)
  8 bats
  6 frilled lizards
  3 rats
68 creatures vanquished.

Notes
Turn   | Place    | Note
-------+----------+-------------------------------------------
     0 | D:1      | Duffy the Deep Dwarf Berserker began the quest for the Orb.
     0 | D:1      | Reached XP level 1. HP: 20/20 MP: 1/1
   117 | D:1      | Reached XP level 2. HP: 21/27 MP: 2/2
   698 | D:2      | Reached XP level 3. HP: 12/34 MP: 3/3
   800 | D:2      | Reached skill level 4 in Axes
   879 | D:2      | Found a bloodstained altar of Trog.
  1050 | D:2      | Reached ** piety under Trog
  1333 | D:3      | Reached XP level 4. HP: 33/42 MP: 4/4
  1749 | D:3      | Reached XP level 5. HP: 23/49 MP: 5/5
  2105 | D:4      | Slain by a scorpion

Vault maps used:
D:1:      evilmike_arrival_home_sweet_home, minmay_tromino_i2
D:2:      bloody_trog, first_bread
D:4:      cheibrodos_pilgrimage, vehumet_altar_wand_db,
          nicolae_overflow_crystal_walls, amethyst_overflow_temple_binary

Skill      XL: |  1  2  3  4 |
---------------+-------------+-----
Fighting       | 3 |  3.4
Axes           | 4 |  4.7
Dodging        | 3 |  3.3
Armour         | 3 |  3.1

Action                   |  1- 3 |  4- 6 || total
-------------------------+-------+-------++-------
Melee: Hand axe          |   136 |    89 ||   225
Invok: Berserk           |     4 |     1 ||     5
 Abil: Heal Wounds       |     1 |       ||     1
  Use: Scroll            |       |     4 ||     4
  Eat: Chunk             |     4 |     5 ||     9
Armor: Animal skin       |     9 |       ||     9
       Chain mail        |    49 |    48 ||    97
       Ring mail         |       |     9 ||     9
Dodge: Dodged            |    55 |    59 ||   114
